 Dungeon Crawl Stone Soup version 0.20.0-10-g0535bb4 (webtiles) character file.

125 Reinor the Magician (level 4, -6/21 HPs)
             Began as a Spriggan Earth Elementalist on June 5, 2017.
             Killed from afar by an orc wizard (9 damage)
             ... with a magic dart
             ... on level 4 of the Dungeon.
             The game lasted 00:12:58 (3362 turns).

Reinor the Magician (Spriggan Earth Elementalist)   Turns: 3362, Time: 00:12:58

Health: -6/21      AC:  2    Str:  4    XL:     4   Next: 82%
Magic:  3/11       EV: 20    Int: 17    God:
Gold:   227        SH:  0    Dex: 16    Spells: 1/11 levels left

rFire    . . .     SeeInvis +   (weapon restricted)
rCold    + . .     Gourm    .   (shield restricted)
rNeg     . . .     Faith    .   c - +0 robe
rPois    .         Spirit   .   (helmet restricted)
rElec    .         Reflect  .   (no cloak)
rCorr    .         Harm     .   (gloves unavailable)
MR       .....                  (boots unavailable)
Stlth    ++........             (no amulet)
Regen    0.1/turn               a - ring of protection from cold
MPRegen  0.2/turn               (no ring)

@: very quick
A: unfitting armour, see invisible, herbivore 3, speed 3, slow metabolism 2
a: no special abilities


You were on level 4 of the Dungeon.
You were not hungry.

You visited 1 branch of the dungeon, and saw 4 of its levels.

You collected 227 gold pieces.

Inventory:

Missiles
 b - 128 stones (quivered)
 s - 13 poisoned needles
Armour
 c - a +0 robe (worn)
Jewellery
 a - a ring of protection from cold (left hand)
 n - an uncursed ring of ice
Scrolls
 f - 3 scrolls of identify
 l - a scroll of recharging {unknown}
 m - a scroll of fog {unknown}
 o - a scroll of remove curse {unknown}
Potions
 g - a potion of curing {unknown}
 h - a potion of agility {unknown}
 j - 2 potions of heal wounds {unknown}
 p - a potion of flight {unknown}
 q - a potion of cancellation
 r - a potion of resistance {unknown}
 t - a potion of invisibility {unknown}
Books
 e - a book of Geomancy

   Spells                             Type                      Level
   a - Sandblast                      Earth                        1
   b - Passwall                       Transmutation/Earth          2
   c - Stone Arrow                    Conjuration/Earth            3
   d - Petrify                        Transmutation/Earth          4
   e - Lee's Rapid Deconstruction     Earth                        5
Comestibles
 d - a bread ration
 i - a royal jelly
 k - 6 fruits


   Skills:
 + Level 4.4 Dodging
 - Level 3.1 Stealth
 + Level 4.4 Spellcasting
 - Level 1.3 Transmutations
 + Level 3.7 Earth Magic


You had one spell level left.
You knew the following spells:

 Your Spells              Type           Power        Failure   Level  Hunger
a - Sandblast             Erth           ###...       3%          1    None
b - Passwall              Tmut/Erth      ##........   8%          2    ##.....
c - Stone Arrow           Conj/Erth      ##....       22%         3    ###....
d - Petrify               Tmut/Erth      ##......     45%         4    ####...


Dungeon Overview and Level Annotations

Branches:
Dungeon (4/15)
 Temple: D:4-7

Altars:
Elyvilon
Makhleb
Okawaru
Qazlal
Xom
The Shining One


Innate Abilities, Weirdness & Mutations

You are very small and have problems with some larger weapons.
You are too small for most types of armour.
You have supernaturally acute eyesight. (SInv)
You are a herbivore.
You cover ground extremely quickly.
You need consume almost no food.


Message History

Casting: Sandblast
Confirm with . or Enter, or press ? or * to list all spells.
Aiming: Sandblast
Press: ? - help, Shift-Dir - straight line, f/p - orc wizard
Aim: an orc wizard, wielding a dagger and wearing a robe (almost dead, slightly transparent)
The blast of sand hits the orc wizard.
The orc wizard is almost dead.
b - 128 stones The orc wizard closely misses you.
The orc wizard points at you and mumbles some strange words.
The magic dart hits you! The orc wizard closely misses you.
The orc wizard points at you and mumbles some strange words.
The puff of flame hits you!
* * * LOW HITPOINT WARNING * * *
The orc wizard points at you and mumbles some strange words.
The puff of frost misses you.
The orc wizard shouts!
The orc wizard gestures at you while chanting.
The magic dart hits you!
You die...

..................
##########..#.#.#####
.....................
##########..#.#.#####
###########. ...........#.#.#
.o.......... ...........#.#.#
.o.o........ ...........#.#.#
#.#####################.#.#.#
.....#...o......@.......#.#.#####
#.##.#.##################........
.....#.#### ######.#######
#.#.......# #..............
#.#.o###### #######.#......
#.#.......# #.#...... #.#.#######
..#...... #.#.# ####...... #.#.#
#.........


You could see an orc wizard (invisible).

Vanquished Creatures
  A worker ant (D:4)
  4 adders
  2 oozes
  A worm (D:1)
  2 leopard geckos
  2 orcs
  A giant cockroach (D:1)
  5 goblins
  6 hobgoblins
  5 jackals
  6 kobolds
  2 quokkas
  6 bats
  5 frilled lizards
  3 rats
51 creatures vanquished.

Notes
Turn   | Place    | Note
-------+----------+-------------------------------------------
     0 | D:1      | Reinor the Spriggan Earth Elementalist began the quest for the Orb.
     0 | D:1      | Reached XP level 1. HP: 9/9 MP: 5/5
   158 | D:1      | Reached XP level 2. HP: 7/13 MP: 0/6
   162 | D:1      | Learned a level 2 spell: Passwall
   974 | D:2      | Found a shimmering altar of Xom.
   974 | D:2      | Found a shimmering altar of Xom.
   975 | D:2      | Found a shimmering altar of Xom.
   975 | D:2      | Found a shimmering altar of Xom.
   975 | D:2      | Found a shimmering altar of Xom.
   975 | D:2      | Found a shimmering altar of Xom.
   977 | D:2      | Found a shimmering altar of Xom.
  1072 | D:2      | Found a white marble altar of Elyvilon.
  1397 | D:2      | Reached XP level 3. HP: 16/16 MP: 3/8
  1570 | D:2      | Found an iron altar of Okawaru.
  1949 | D:2      | Learned a level 3 spell: Stone Arrow
  2046 | D:3      | Found a glowing golden altar of the Shining One.
  2046 | D:3      | Found a stormy altar of Qazlal.
  2046 | D:3      | Found a burning altar of Makhleb.
  2149 | D:3      | Reached XP level 4. HP: 20/21 MP: 7/10
  2155 | D:3      | Learned a level 4 spell: Petrify
  3362 | D:4      | Killed from afar by an orc wizard

Skill      XL: |  1  2  3  4 |
---------------+-------------+-----
Earth Magic    | 3 |  3.7
Spellcasting   | 3 4 |  4.4
Dodging        | 4 |  4.4
Stealth        | |  3.1
Transmutations | |  1.3

Action                   |  1- 3 |  4- 6 || total
-------------------------+-------+-------++-------
Melee: Unarmed           |    21 |     3 ||    24
 Cast: Sandblast         |    49 |    37 ||    86
       Passwall          |     1 |       ||     1
  Use: Scroll            |     3 |       ||     3
       Potion            |       |     1 ||     1
 Stab: Sleeping          |     1 |       ||     1
Armor: Robe              |     5 |     1 ||     6
Dodge: Dodged            |    39 |    16 ||    55
